 Dungeon Crawl Stone Soup version 0.28-a0-1080-g05a166d0ed (webtiles) character file.

Game seed: 2263587212858316242

468 mainiacjoe the Firebug (level 7, -2/50 HPs)
             Began as a Hill Orc Fire Elementalist on Dec 9, 2021.
             Slain by a phantom (3 damage)
             ... on level 4 of the Dungeon.
             The game lasted 00:12:10 (3655 turns).

mainiacjoe the Firebug (Hill Orc Fire Elementalist) Turns: 3655, Time: 00:12:10

Health: -2/50      AC:  3    Str: 11    XL:     7   Next: 8%
Magic:  1/11       EV: 12    Int: 17    God:
Gold:   115        SH:  0    Dex: 11    Spells: 3/12 levels left

rFire   . . .      SeeInvis .   a - +1 dagger (drain)
rCold   . . .      Faith    .   (no shield)
rNeg    . . .      Spirit   .   o - +0 robe
rPois   .          Reflect  .   t - +0 helmet
rElec   .          Harm     .   v - scarf {shadows}
rCorr   .          Rampage  .   (no gloves)
Will    .....                   (no boots)
Stlth   ++........              (no amulet)
HPRegen 0.16/turn               (no ring)
MPRegen 0.12/turn               (no ring)

@: very slightly contaminated
A: no striking features
a: no special abilities


You were on level 4 of the Dungeon.
You visited 1 branch of the dungeon, and saw 4 of its levels.

You collected 115 gold pieces.

Inventory:

Hand Weapons
 a - a +1 dagger of draining (weapon)
 b - a +0 spear
 w - a +0 hunting sling
Missiles
 c - 58 stones
 f - 46 poisoned darts (quivered)
 h - 27 arrows
 u - 2 boomerangs
 B - 26 sling bullets
Armour
 k - a +0 ring mail
 o - a +0 robe (worn)
 p - a +0 cloak
 t - a +0 helmet (worn)
 v - a scarf of shadows (worn)
Wands
 s - a wand of digging (3)
Scrolls
 e - a scroll of magic mapping
 i - a scroll of brand weapon {unknown}
 l - a scroll of fog {unknown}
 m - a scroll of blinking {unknown}
 r - a scroll of noise {unknown}
 x - a scroll of identify {unknown}
 y - 2 scrolls of teleportation {unknown}
 A - a scroll of summoning {unknown}
Potions
 d - a potion of haste {unknown}
 g - a potion of mutation {unknown}
 j - a potion of heal wounds {unknown}
 n - a potion of degeneration {unknown}
 q - a potion of brilliance {unknown}
 z - a potion of curing


   Skills:
 - Level 1.5 Dodging
 - Level 1.5 Stealth
 - Level 3.0 Spellcasting
 + Level 2.9 Conjurations
 - Level 7.0 Fire Magic


You had 3 spell levels left.
You knew the following spells:

 Your Spells              Type           Power      Damage    Failure   Level
a - Foxfire               Conj/Fire      76%        2x1d7     2%          1
b - Scorch                Fire           52%        2d8       1%          2
c - Inner Flame           Hex/Fire       14%        N/A       12%         3
z - Conjure Flame         Conj/Fire      19%        6-21      7%          3

Your spell library contained the following spells:

 Spells                   Type           Power      Damage    Failure   Level
 Sandblast                Erth           4%         2d4       17%         1
 Passwall                 Tmut/Erth      1%         N/A       26%         2
 Stone Arrow              Conj/Erth      14%        3d7       28%         3
 Flame Wave               Conj/Fire      19%        2d5       22%         4


Dungeon Overview and Level Annotations

Branches:
Dungeon (4/15)
 Temple: D:4-7

Altars:
Ashenzari
Yredelemnul


Message History

Ijyb is almost dead.
Ijyb barely misses you.
Press: ? - help, v - describe, . - travel, g - get item
Here: Ijyb, wielding a +0 dagger, wearing a +0 ring mail and carrying a wand of iceblast (3) (almost dead, heavily drained)
Items here: )) [[ ††.
The floor, spattered with blood.
Unknown command.
You hit Ijyb.
You kill Ijyb!
You miss the phantom. The phantom hits you.
* * * LOW HITPOINT WARNING * * *
There is a stone staircase leading up here.
You hit the phantom.
The phantom is lightly damaged.
The phantom hits you.
* * * LOW HITPOINT WARNING * * *
You hit the phantom but do no damage.
The phantom is lightly damaged.
The phantom closely misses you.
Casting: Scorch (safe; 1% risk of failure)
Confirm with . or Enter, or press ? or * to list all spells.
You miscast Scorch.
You are very lightly contaminated with residual magic.
Nothing appears to happen.
The phantom completely misses you.
It was a potion of curing.
You feel better. The phantom hits you!
* * * LOW HITPOINT WARNING * * *
Casting: Scorch (safe; 1% risk of failure)
Confirm with . or Enter, or press ? or * to list all spells.
You conjure some foxfire!
The phantom hits you.
* * * LOW HITPOINT WARNING * * *
The phantom blinks!
You blink.
Your foxfire dissipates!
There is a stone staircase leading up, spattered with blood here.
The phantom hits you.
* * * LOW HITPOINT WARNING * * *
The phantom blinks!
You blink.
You stop ascending the stairs.
You hit the phantom.
The phantom is lightly damaged.
The phantom hits you.
You die...

*,,,,,,***#..#*
*,,,,,,****g..*
*,,,,,,**,,,#.####
*,,,,,,*,,**#o.).#
,**,*,,,,** ####.#
,,,,,,,,** #.#
,**,**,**** #.#
,,,,,,,,,,**** #.#
*,,,,,,,,,,,,* #@#
,,,,,,,,,,,*,* #W#
*,,,,,,,,,,*,* #<#
*,,,*****,,,,* #§#
*,*,*** **,,***#.#
*,*,,,***,,,,,*#.#
,,***,,,*,,,,,*#.#
,******,*,,,,,*#.#
,,,* *,*,,,,,*#.#


You could see a phantom.

Vanquished Creatures
  Grinder (D:3)
  Ijyb (D:4)
  Natasha (thrice) (D:2)
  An orc wizard (D:4)
  Robin (D:2)
  4 adders
  A worm (D:2)
  2 dart slugs
  2 orcs (D:4)
  8 ball pythons
  7 endoplasms
  3 giant cockroaches
  15 goblins
  9 hobgoblins
  6 jackals
  4 kobolds
  A quokka (D:2)
  4 bats
  6 frilled lizards
  9 rats
88 creatures vanquished.

Vanquished Creatures (others)
  147 foxfires
147 creatures vanquished.

Grand Total: 235 creatures vanquished

Notes
Turn   | Place    | Note
-------+----------+-------------------------------------------
     0 | D:1      | mainiacjoe the Hill Orc Fire Elementalist began the quest
                  | for the Orb.
     0 | D:1      | Reached XP level 1. HP: 14/14 MP: 3/3
   299 | D:1      | Reached XP level 2. HP: 18/20 MP: 2/4
   302 | D:1      | Learned a level 2 spell: Scorch
   371 | D:1      | Reached skill level 4 in Fire Magic
   726 | D:1      | Reached XP level 3. HP: 26/26 MP: 3/5
  1244 | D:2      | Noticed Natasha
  1252 | D:2      | Killed Natasha
  1253 | D:2      | Reached XP level 4. HP: 26/33 MP: 0/7
  1257 | D:2      | Learned a level 3 spell: Conjure Flame
  1509 | D:2      | Noticed Natasha
  1516 | D:2      | Killed Natasha
  1517 | D:2      | Reached skill level 5 in Fire Magic
  1938 | D:2      | Noticed Natasha
  1946 | D:2      | Killed Natasha
  1947 | D:2      | Reached XP level 5. HP: 34/38 MP: 1/8
  2086 | D:2      | Noticed Robin
  2093 | D:2      | Killed Robin
  2298 | D:2      | Reached skill level 6 in Fire Magic
  2541 | D:3      | Noticed Grinder
  2549 | D:3      | Killed Grinder
  2550 | D:3      | Reached skill level 7 in Fire Magic
  2550 | D:3      | Reached XP level 6. HP: 34/45 MP: 1/10
  2554 | D:3      | Learned a level 3 spell: Inner Flame
  3367 | D:3      | Found a basalt altar of Yredelemnul.
  3418 | D:3      | Found a broken altar of Ashenzari.
  3611 | D:4      | Reached XP level 7. HP: 50/50 MP: 7/11
  3611 | D:4      | Noticed Ijyb
  3644 | D:4      | Killed Ijyb
  3654 | D:4      | HP: 1/50 [phantom (3)]
  3655 | D:4      | Slain by a phantom

Illustrated notes

Levels and vault maps discovered:
D:1:      elethiomel_arrival_shortcut, layout_loops_ring, serial_park_tiny_1
D:2:      layout_loops_cross, uniq_robin, uniq_natasha
D:3:      minmay_chambers_of_twos, layout_basic, mainiacjoe_overflow_brackets,
          ashenzari_altar_1, minmay_pentomino_pile, uniq_grinder
D:4:      layout_rooms, grunt_ministairs_1, uniq_ijyb

Skill      XL: |  1  2  3  4  5  6 |
---------------+-------------------+-----
Fire Magic     | 4 5 7 |  7.0
Conjurations   | 2 |  2.9
Spellcasting   | 2 3 |  3.0
Dodging        | |  1.5
Stealth        | |  1.5

Action                   |  1- 3 |  4- 6 |  7- 9 || total
-------------------------+-------+-------+-------++-------
Melee: Spear             |    15 |     8 |       ||    23
       Dagger            |       |    28 |    28 ||    56
Throw: Stone             |    12 |    11 |       ||    23
       Dart              |       |     6 |       ||     6
 Cast: Foxfire           |    35 |    52 |     1 ||    88
       Scorch            |     4 |    18 |     3 ||    25
       Inner Flame       |       |     1 |       ||     1
  Use: Scroll            |       |     1 |       ||     1
       Potion            |       |       |     1 ||     1
Armor: Robe              |     1 |    13 |     5 ||    19
Dodge: Dodged            |    10 |    27 |    12 ||    49

Table legend: (Time is in decaauts)
 A = Elapsed time spent in this place.
 B = Non-inter-level travel time spent in this place.
 C = Inter-level travel time spent in this place.
 D = Time resting spent in this place.
 E = Time spent auto-exploring this place.
 F = Levels seen in this place.
 G = Mean time per level.
                   A        B        C        D        E       F      G
               +--------+--------+--------+--------+--------+-----+--------+
         Total |   3657 |   3573 |     84 |    261 |   2641 |   4 |  914.2 |
       Dungeon |   3657 |   3573 |     84 |    261 |   2641 |   4 |  914.2 |
               +--------+--------+--------+--------+--------+-----+--------+

Top non-repeatable levels by time:
     D:2: 1226 daAuts
     D:1: 1209 daAuts
     D:3: 1158 daAuts
     D:4: 63 daAuts
